 Dungeon Crawl Stone Soup version 0.23.2-33-g5129a83 (webtiles) character file.

Game seed: 4578338713824487607

417 technought the Slasher (level 6, -1/38 HPs)
             Began as a Gargoyle Fighter on Aug 7, 2019.
             Slain by a gnoll shaman
             ... wielding a +0 club
              (6 damage)
             ... on level 4 of the Dungeon.
             The game lasted 00:05:54 (2318 turns).

technought the Slasher (Gargoyle Fighter)           Turns: 2318, Time: 00:05:54

Health: -1/38      AC:  8    Str: 22    XL:     6   Next: 92%
Magic:  6/6        EV: 10    Int:  8    God:
Gold:   197        SH:  6    Dex:  9    Spells: 5/5 levels left

rFire    + + .     SeeInvis .   a - +3 long sword
rCold    + . .     Gourm    .   l - +2 buckler
rNeg     + . .     Faith    .   b - +0 scale mail
rPois    ∞         Spirit   .   (no helmet)
rElec    +         Reflect  .   (no cloak)
rCorr    +         Harm     .   (no gloves)
MR       .....                  (no boots)
Stlth    ..........             (no amulet)
HPRegen  0.12/turn              (no ring)
MPRegen  0.10/turn              (no ring)

@: resistant
A: blink, deformed body, fire resistance 1, negative energy resistance 1,
electricity resistance, wild magic 1, unbreathing, petrification resistance, rot
immunity, AC +4
a: Blink


You were on level 4 of the Dungeon.
You were not hungry.

You visited 1 branch of the dungeon, and saw 4 of its levels.

You collected 197 gold pieces.

Inventory:

Hand Weapons
 a - a +3 long sword (weapon)
 e - a +4 dagger
Missiles
 d - 15 stones (quivered)
Armour
 b - a +0 scale mail (worn)
 c - a +0 shield
 l - a +2 buckler (worn)
Scrolls
 h - a scroll of blinking
 i - 5 scrolls of identify
Potions
 n - a potion of cancellation
Comestibles
 g - 5 rations


   Skills:
 + Level 4.2 Fighting
 + Level 4.7 Long Blades
 + Level 4.3 Armour
 + Level 1.0 Dodging
 + Level 4.5 Shields


You had 5 spell levels left.
You didn't know any spells.
Your spell library was empty.

Dungeon Overview and Level Annotations

Branches:
Dungeon (4/15)
 Temple: D:4-7

Altars:
Ashenzari


Innate Abilities, Weirdness & Mutations

You are resistant to torment.
Your stone body is resilient. (AC +4)
You are immune to poison.
You resist negative energy. (rN+)
You are resistant to electric shocks. (rElec)
You can survive without breathing.
You are immune to petrification.
You are immune to rotting.
You can translocate small distances at will.
Armour fits poorly on your strangely shaped body.
Your flesh is heat resistant. (rF+)
Your spells are a little harder to cast, but a little more powerful.


Message History

You block the gnoll's attack.
The gnoll shaman hits you with a +0 club.
* * * LOW HITPOINT WARNING * * *
The gnoll closely misses you.
You hit the gnoll shaman.
The gnoll shaman is almost dead.
The gnoll shaman mumbles some strange prayers to its god.
The gnoll shaman is healed somewhat.
The gnoll closely misses you.
Your scale mail prevents you from hitting the gnoll shaman.
The gnoll shaman is severely wounded.
The gnoll shaman hits you but does no damage.
The gnoll barely misses you.
You feel protected. The gnoll shaman closely misses you.
The gnoll hits you from afar with a +0 spear.
* * * LOW HITPOINT WARNING * * *
You closely miss the gnoll shaman.
The gnoll shaman is severely wounded.
The gnoll shaman hits you with a +0 club.
You die...

.# #.# .# .#.#.# ...## .#
... ..... . . ##.###...###
.. ##. ........... ... #.#
#.......#..
....###g####.......... .
.......ggg@..........#.#..
###.##.g####.†.....#.#.# ..
#..# #...........####
........####..######.#.....
.......g....<.#....#.#.##..
...........##.'.♣..#.#.# ##
#.......... ###..♣.'.#.#
#..........# #....#.#.#
#..........# #######...#


You could see a gnoll shaman and 4 gnolls.

Vanquished Creatures
  Duvessa (D:4)
  Dowan (D:4)
  A hound (D:4)
  A bullfrog skeleton (D:3)
  An orc wizard (D:4)
  A gnoll (D:4)
  6 adders
  2 oozes (D:1)
  A worm (D:4)
  4 dart slugs
  2 leopard geckos
  7 orcs
  8 bats
  4 giant cockroaches
  7 goblins
  4 hobgoblins
  5 quokkas
  3 ball pythons
  7 frilled lizards
  7 kobolds
  9 rats
82 creatures vanquished.

Notes
Turn   | Place    | Note
-------+----------+-------------------------------------------
     0 | D:1      | technought the Gargoyle Fighter began the quest for the
                  | Orb.
     0 | D:1      | Reached XP level 1. HP: 14/14 MP: 1/1
    72 | D:1      | Reached XP level 2. HP: 19/19 MP: 2/2
   309 | D:1      | Reached XP level 3. HP: 21/23 MP: 3/3
   643 | D:2      | Reached XP level 4. HP: 29/29 MP: 4/4
   742 | D:2      | Found a shattered altar of Ashenzari.
  1144 | D:2      | Gained mutation: Your body sometimes deteriorates upon
                  | taking damage. [potion of mutation]
  1144 | D:2      | Gained mutation: You are resistant to hostile enchantments.
                  | (MR+) [potion of mutation]
  1146 | D:2      | Lost mutation: Your body sometimes deteriorates upon taking
                  | damage. [potion of mutation]
  1146 | D:2      | Lost mutation: You are resistant to hostile enchantments.
                  | (MR+) [potion of mutation]
  1146 | D:2      | Gained mutation: Armour fits poorly on your strangely
                  | shaped body. [potion of mutation]
  1146 | D:2      | Gained mutation: Your flesh is heat resistant. (rF+)
                  | [potion of mutation]
  1146 | D:2      | Gained mutation: You can translocate small distances at
                  | will. [potion of mutation]
  1146 | D:2      | Gained mutation: Your spells are a little harder to cast,
                  | but a little more powerful. [potion of mutation]
  1230 | D:3      | Reached XP level 5. HP: 17/33 MP: 5/5
  2105 | D:4      | Noticed Duvessa
  2105 | D:4      | Noticed Dowan
  2120 | D:4      | Killed Duvessa
  2120 | D:4      | Reached XP level 6. HP: 28/38 MP: 6/6
  2130 | D:4      | Killed Dowan
  2130 | D:4      | Reached skill level 1 in Dodging
  2318 | D:4      | Slain by a gnoll shaman

Skill      XL: |  1  2  3  4  5  6 |
---------------+-------------------+-----
Long Blades    | 2 3 4 |  4.7
Shields        | 4 |  4.5
Armour         | 4 |  4.3
Fighting       | 4 |  4.2
Dodging        | 1 |  1.0

Action                   |  1- 3 |  4- 6 || total
-------------------------+-------+-------++-------
Melee: Long sword        |   104 |   155 ||   259
       Dagger            |    17 |       ||    17
  Use: Scroll            |     4 |     4 ||     8
       Potion            |     3 |     9 ||    12
  Eat: Ration            |       |     2 ||     2
Armor: Scale mail        |    63 |    72 ||   135
Dodge: Dodged            |    57 |    92 ||   149
Block: Shield            |    50 |       ||    50
       Buckler           |     7 |    56 ||    63
       Rpst.: Long sword |    19 |    17 ||    36
